Cogmind - Beta 12 @@@ ROGUE MODE // 2023.06.13 @ 16:46:34 Player: skigear Result: Destroyed by G-67 Veteran with Plasma Rifle Performance ------------- Evolutions (4) 2000 Regions Visited (16) 3200 Robots Destroyed (244) 1220 Value Destroyed (7763) 7763 Prototype IDs (30) 600 Alien Tech Used (0) 0 Bonus (6016) 6016 TOTAL SCORE: 20799 Bonus ------- High Alert Combat Kills 1090 Follower Combat Kills 4155 Network Hubs Disabled 200 Aligned with FarCom 300 Built Enhanced Grunts 300 A7 Reached Mainframe 300 Met R17 at Cetus 500 Friendly Fire -829 Cogmind --------- Core Integrity 0/850 Matter 195/300 Energy 2/500 System Corruption 29% Temperature Cool (48) Movement Treading (240) Ox1 Location -6/Hub_04(d) Parts ------- > --- POWER (1) -------- F-cell Engine > --- PROPULSION (6) --- Medium Treads Centrium Heavy Treads > --- UTILITY (6) ------ Cargo Storage Unit Advanced Targeting Computer Improved Shield Generator Improved Hacking Suite > --- WEAPON (2) ------- (None) > --- INVENTORY (30) --- F-cell Engine Quantum Reactor Improved Cooling System Improved Cooling System Huge Storage Unit Advanced Energy Well (500) Improved Signal Interpreter Weapon Cycler Heavy Armor Plating Layered Medium Armor Plating Centrium Medium Armor Plating Focal Shield Thermal Shield Improved Shield Generator Improved System Restoration Module Long-range Tractor Beam Long-range Tractor Beam Latent Energy Streamer Advanced KE Penetrator Advanced Datajack Peak State ------------ > --- POWER ------------ F-cell Engine > --- PROPULSION ------- Heavy Treads Centrium Heavy Treads Centrium Heavy Treads > --- UTILITY ---------- Cargo Storage Unit Improved Signal Interpreter Advanced Targeting Computer Centrium Medium Armor Plating Improved Hacking Suite > --- WEAPON ----------- Advanced Variable Charge Gun Advanced KE Penetrator > --- INVENTORY -------- F-cell Engine Quantum Reactor Medium Treads Centrium Heavy Treads Improved Cooling System Improved Cooling System Huge Storage Unit Advanced Energy Well High-capacity Matter Pod Improved Signal Interpreter Weapon Cycler Heavy Armor Plating Layered Medium Armor Plating Centrium Medium Armor Plating Centrium Medium Armor Plating Focal Shield Thermal Shield Improved Shield Generator Improved Shield Generator Improved System Restoration Module Long-range Tractor Beam Long-range Tractor Beam Latent Energy Streamer Linear Accelerator Missile Launcher Long-range Missile Launcher Remote Datajack Great Maul [Rating: 107] Favorites ----------- Power Heavy Ion Engine Engine Heavy Ion Engine Power Core Fusion Compressor Propulsion Light Treads Treads Light Treads Leg Improved Aluminum Leg Wheel Compact Wheel Utility System Shield Device Improved Heat Sink Storage Huge Storage Unit Processor Advanced Targeting Computer Hackware System Shield Protection Hardened Medium Armor Plating Weapon Advanced Beam Cannon Energy Gun Heavy Beamcaster Energy Cannon Advanced Beam Cannon Ballistic Gun Gauss Rifle Ballistic Cannon Assault Cannon Launcher Rocket Launcher Special Weapon Remote Datajack Impact Weapon Great Maul Slashing Weapon Mining Claw Piercing Weapon Spear Special Melee Weapon Improved Datajack Build | -11 -10 -10 -9 -9 -9 -8 -8 -8 -8 -6 -6 -6 -6 -6 -6 -6 ------- Run | Jun Mat Min Mat Min Exi Min Mat Sto Rec Fac Was Fac Ext Cet Arc Hub Slots Evolved 8 | . . . 2 . . . 2 . . 4 . . . . . . Power . | . . . . . . . . . . . . . . . . . Propulsion 4 | . . . 1 . . . 1 . . 2 . . . . . . Utility 4 | . . . 1 . . . 1 . . 2 . . . . . . Weapon . | . . . . . . . . . . . . . . . . . Parts Attached 397 | 10 15 5 30 4 5 11 73 59 2 76 33 16 17 16 7 18 Power 19 | 2 2 . 4 . . . 2 3 . 5 . . 1 . . . Engine 16 | 2 2 . 4 . . . 2 3 . 2 . . 1 . . . Core 3 | . . . . . . . . . . 3 . . . . . . Reactor . | . . . . . . . . . . . . . . . . . Propulsion 71 | 4 2 3 12 . . 4 18 8 1 12 . . . 5 . 2 Treads 57 | 2 . . 10 . . 4 15 6 1 12 . . . 5 . 2 Leg 13 | 2 2 3 2 . . . 3 1 . . . . . . . . Wheel 1 | . . . . . . . . 1 . . . . . . . . Hover . | . . . . . . . . . . . . . . . . . Flight . | . . . . . . . . . . . . . . . . . Utility 118 | 1 2 . 7 3 1 6 14 12 . 31 17 13 3 3 1 4 Device 68 | . . . 2 3 . 4 7 7 . 21 8 12 2 . . 2 Storage 10 | 1 1 . 3 . 1 . 1 1 . 1 1 . . . . . Processor 3 | . 1 . . . . . . . . 1 . 1 . . . . Hackware 4 | . . . . . . . 2 . . . . . . 1 1 . Protection 33 | . . . 2 . . 2 4 4 . 8 8 . 1 2 . 2 Artifact . | . . . . . . . . . . . . . . . . . Weapon 189 | 3 9 2 7 1 4 1 39 36 1 28 16 3 13 8 6 12 Energy Gun 32 | 1 . 1 1 . 1 . 7 4 . 5 3 1 4 3 1 . Energy Cannon 20 | . 3 . 4 . 2 1 5 3 . . 2 . . . . . Ballistic Gun 41 | 2 4 1 1 . . . 5 19 1 1 1 . . 1 2 3 Ballistic Cannon 38 | . . . 1 1 1 . 10 . . 12 4 1 3 2 1 2 Launcher 22 | . 1 . . . . . 7 . . 3 6 1 . 1 . 3 Special Weapon 2 | . . . . . . . . . . . . . 1 1 . . Impact Weapon 23 | . . . . . . . 3 9 . 1 . . 5 . 1 4 Slashing Weapon 2 | . 1 . . . . . 1 . . . . . . . . . Piercing Weapon 1 | . . . . . . . . . . 1 . . . . . . Special Melee Weapon 8 | . . . . . . . 1 1 . 5 . . . . 1 . Unidentified Prototypes 24 | . . . 3 . 2 . 3 7 . 2 . 2 . 4 . 1 Parts Lost 35 | . . . 1 1 . 2 12 1 . 11 . . . . . 7 Power 1 | . . . . . . . . . . 1 . . . . . . Propulsion 18 | . . . . . . . 8 1 . 6 . . . . . 3 Utility 9 | . . . 1 1 . 2 1 . . 3 . . . . . 1 Weapon 7 | . . . . . . . 3 . . 1 . . . . . 3 Highest Loss Streak 7 | . . . 1 1 . 1 4 1 . 3 . . . . . 7 To Critical Strikes 1 | . . . . . . . . . . 1 . . . . . . Average Slot Usage (%) 95 | . 99 100 99 99 94 97 96 99 100 98 99 92 90 73 72 71 Engine 8 | . 14 14 10 11 11 11 9 9 9 4 6 6 6 6 6 6 Treads 28 | . 1 . 27 33 33 33 30 32 36 39 40 40 40 21 20 19 Leg 4 | . 26 28 5 . . . 3 2 . . . . . . . . Device 7 | . . . 9 16 15 11 6 6 9 10 20 12 3 . . . Storage 9 | . 14 14 11 11 12 12 9 9 9 6 6 6 6 6 6 6 Processor 6 | . 13 14 11 5 . . . . . 6 6 6 13 13 13 12 Hackware 6 | . . . . . . . 17 18 18 8 . . . 4 5 6 Protection 3 | . . . 1 . . 6 2 2 . 5 4 6 5 6 6 5 Energy Gun 3 | . . 3 2 . . . 1 4 9 5 2 6 4 5 3 5 Energy Cannon 6 | . 13 14 17 11 10 11 5 4 . . . . . . . . Ballistic Gun 3 | . 14 10 . . . . 3 7 9 1 . . . . 4 2 Ballistic Cannon 3 | . . . 2 10 10 11 5 . . 4 3 5 5 5 3 . Naked Turns . | . . . . . . . . . . . . . . . . . Heaviest Build 185 | 13 32 34 59 60 68 68 66 101 100 124 183 185 184 184 177 175 Greatest Support 230 | 40 40 30 60 60 60 60 80 80 80 144 144 144 144 230 230 230 Greatest Overweight (x) 3 | . 1 1 . . 1 1 2 3 1 1 1 1 1 1 . 1 Average Overweight (x) . | . . 1 . . . . . . 1 . . 1 1 . . . Largest Inventory Capacity 30 | 8 15 15 20 20 20 20 20 25 25 25 30 30 30 30 30 30 Average Capacity 22 | 7 13 15 17 20 20 20 20 24 25 25 25 30 30 30 30 30 Most Carried 30 | 7 15 15 20 20 20 20 20 25 25 25 30 30 30 30 30 30 Average Carried 22 | 5 13 14 17 19 19 19 19 23 25 23 25 29 29 29 29 29 Final Capacity 30 | 8 15 15 20 20 20 20 20 25 25 25 30 30 30 30 30 30 Final Carried 30 | 6 15 15 20 19 20 20 20 25 25 25 29 30 29 30 30 21 Class Distribution -------------------- 38% | Scavenger-Mutant 30% | Mutant 14% | Commander-Mutant 13% | Hauler-Mutant Dominant Class ---------------- Mutant | -10/Materials Mutant | -10/Mines Mutant | -9/Materials Mutant | -9/Mines Mutant | -9/Exiles Scavenger-Mutant | -8/Mines Scavenger-Mutant | -8/Materials Scavenger-Mutant | -8/Storage Commander-Mutant | -8/Recycling Scavenger-Mutant | -6/Factory Mutant | -6/Waste Hauler-Mutant | -6/Factory Hauler-Mutant | -6/Extension Hauler-Mutant | -6/Cetus Hauler-Mutant | -6/Archives Scavenger-Mutant | -6/Hub_04(d) Resources | -11 -10 -10 -9 -9 -9 -8 -8 -8 -8 -6 -6 -6 -6 -6 -6 -6 ----------- Run | Jun Mat Min Mat Min Exi Min Mat Sto Rec Fac Was Fac Ext Cet Arc Hub Matter Collected 8526 | 173 595 240 345 149 . 429 1458 1003 81 2023 678 236 297 292 198 329 Remotely 1170 | . . . . 10 . 11 98 43 . 602 . 110 . . . 296 Salvage Created 9090 | . 415 254 1704 235 . 348 2040 962 . 1909 75 144 256 339 183 226 Parts 477 | . 36 17 103 9 . 15 133 35 . 79 4 3 8 9 10 16 Haulers Intercepted 25 | . 2 . 6 . . . 5 6 . 3 . 1 2 . . . Recyclers Shooed 6 | . . 2 . 1 . . . . . 2 . 1 . . . . Parts Field Recycled . | . . . . . . . . . . . . . . . . . Retrieved Matter . | . . . . . . . . . . . . . . . . . Parts Self-Destructed . | . . . . . . . . . . . . . . . . . Prevented . | . . . . . . . . . . . . . . . . . Kills | -11 -10 -10 -9 -9 -9 -8 -8 -8 -8 -6 -6 -6 -6 -6 -6 -6 ------- Run | Jun Mat Min Mat Min Exi Min Mat Sto Rec Fac Was Fac Ext Cet Arc Hub Combat Hostiles Destroyed 163 | . 11 8 29 8 . 9 46 8 . 27 . 1 2 7 1 6 Melee 4 | . . . . . . . 2 . . . . . 1 . . 1 Guns 44 | . 6 . 9 . . . 12 4 . 10 . . . 2 1 . Cannons 88 | . 5 8 19 8 . 9 16 4 . 14 . 1 1 3 . . AOE 25 | . . . . . . . 15 . . 3 . . . 2 . 5 Classes Destroyed 19 | . 5 3 1 2 . . 5 . . 1 . . 1 . . 1 Worker 14 | . . 1 . . . . 3 2 . 4 . . . . . 4 Builder 7 | . . 2 . . . . 2 1 . . . . . . . 2 Tunneler 1 | . . . . 1 . . . . . . . . . . . . Hauler 25 | . 2 . 6 . . . 5 6 . 3 . 1 2 . . . Recycler 9 | . . . . . . . 1 1 . 7 . . . . . . Mechanic 1 | . . . . . . . 1 . . . . . . . . . Operator 9 | . 1 . 2 . . . 2 . . . . . 1 . 3 . Watcher 12 | . 3 . 5 . . . 2 1 . . . . . . . 1 Swarmer 37 | . 7 6 3 2 . . 10 3 . 6 . . . . . . Saboteur 1 | . . . . . . . . . . . . . . . . 1 Grunt 64 | . 4 1 15 4 . 6 18 1 . 10 . . 1 2 . 2 Brawler 8 | . . . 1 1 . 3 2 . . . . . . . . 1 Duelist 4 | . . . . 1 . . 1 . . . . . . 2 . . Protector 3 | . . . . . . . 2 . . . . . . . . 1 Sentry 23 | . . 1 10 . . . 6 2 . 3 . . . . 1 . Specialist 6 | . . . . . . . 6 . . . . . . . . . Hunter 7 | . . . . . . . 1 2 . 2 . 1 . 1 . . Programmer 6 | . . . . . . . . . . 6 . . . . . . Behemoth 1 | . . . . . . . . . . . . . 1 . . . Cetus Guard 2 | . . . . . . . . . . . . . . 2 . . Lightning 1 | . . . . . . . . . . . . . . . . 1 Wasp 3 | . . . . . . . . . . . 3 . . . . . Best Kill Streak 12 | . 7 3 6 3 . 3 7 5 . 7 . 1 1 2 1 12 Combat Bots Only 7 | . 6 3 5 3 . 3 5 3 . 7 . 1 1 2 1 6 Max Kills in Single Turn 5 | . 1 1 1 1 . 1 4 2 . 5 3 1 1 2 1 3 Gunslinging . | . . . . . . . . . . . . . . . . . Exploded 3 | . . . . . . . 3 . . 2 . . . 2 . 2 Melee 1 | . . . . . . . 1 . . . . . 1 . . 1 Uniques/NPCs Destroyed . | . . . . . . . . . . . . . . . . . Combat | -11 -10 -10 -9 -9 -9 -8 -8 -8 -8 -6 -6 -6 -6 -6 -6 -6 -------- Run | Jun Mat Min Mat Min Exi Min Mat Sto Rec Fac Was Fac Ext Cet Arc Hub Damage Taken 13543 | . 397 248 1024 368 . 472 2973 556 . 2840 28 134 102 418 211 3772 Core 1664 | . 44 50 197 11 . 75 329 102 . 245 . . 19 33 23 536 Absorbed by Shields 320 | . . . . 74 . 8 . . . 14 10 34 . . . 180 Reduced by Siege Mode 321 | . . . . . . . . . . . . . . . . 321 Regen/Repaired (Parts) 1292 | . 28 . 20 . . . 178 267 . 247 480 34 38 . . . Core Remaining (%) 53 | 100 . 62 . . . 29 . . 21 . . . . . . . Volleys Fired 567 | . 43 15 88 27 . 33 121 42 . 109 . 8 20 16 23 22 Largest 2 | . 2 2 2 2 . 2 2 2 . 2 . 2 2 2 2 2 Hottest 240 | . 91 91 143 112 . 112 112 103 . 128 . 147 162 147 146 240 Shots Fired 1093 | . 81 31 176 50 . 69 225 87 1 217 1 16 36 31 42 30 Gun 476 | . 38 16 61 . . . 100 64 1 106 . 8 22 15 36 9 Cannon 566 | . 39 15 115 50 . 69 106 23 . 105 . 8 11 14 6 5 Launcher 47 | . 4 . . . . . 19 . . 6 1 . . 1 . 16 Special 4 | . . . . . . . . . . . . . 3 1 . . Kinetic 482 | . 38 16 11 23 . 34 142 42 . 107 . 8 11 14 26 10 Thermal 559 | . 39 15 165 27 . 35 63 45 1 104 . 8 22 15 16 4 Explosive 45 | . 4 . . . . . 19 . . 6 1 . . 1 . 14 Electromagnetic 3 | . . . . . . . 1 . . . . . . . . 2 Robot Hit Streak 18 | . 4 5 12 10 . 8 12 16 . 18 . 9 11 11 14 18 Robot Miss Streak 6 | . 6 2 5 2 . 5 5 2 1 3 1 1 1 2 2 3 Penetration Max 1 | . . . . . . . 1 1 . . . . . . 1 1 Secondary Targets 2 | . . . 1 . . . . 1 . . . . . . . . Max Gunslinging Chain 1 | . . . 1 . . . . 1 . . . . . . . . Shots Hit Robots 719 | . 39 13 109 33 . 39 147 66 . 161 . 13 22 22 34 21 Core Hits 387 | . 22 11 48 10 . 14 92 23 1 73 9 6 6 19 12 41 Critical Kills 3 | . . . 1 . . . . 1 . . . . . . 1 . Critical Parts Destroyed 6 | . 1 . . . . . 2 1 . . . . . . 1 1 Critical Strikes 29 | . 1 . 3 1 . 1 4 4 . 11 . . 1 . 2 1 Burn 10 | . . . 2 . . . 1 2 . 4 . . 1 . . . Meltdown 1 | . . . 1 . . . . . . . . . . . . . Destroy 6 | . 1 . . . . . 2 . . . . . . . 2 1 Blast 10 | . . . . 1 . 1 1 . . 7 . . . . . . Smash 2 | . . . . . . . . 2 . . . . . . . . Melee Attacks 113 | . 17 . . . . . 14 31 . 6 . . 34 . 2 9 Impact 83 | . . . . . . . 7 30 . 1 . . 34 . 2 9 Slashing 19 | . 17 . . . . . 2 . . . . . . . . . Piercing . | . . . . . . . . . . . . . . . . . Sneak Attacks 12 | . . . . . . . 6 1 . 5 . . . . . . Combat Hostiles 1 | . . . . . . . . . . 1 . . . . . . Follow-up Attacks . | . . . . . . . . . . . . . . . . . Damage Inflicted 22996 | . 712 294 2181 826 . 953 4850 1715 23 5524 414 417 660 1050 1038 2339 Guns 6892 | . 328 67 733 . . . 1327 879 16 1831 . 180 210 320 834 167 Cannons 9319 | . 384 219 1448 826 . 953 1367 433 . 2382 . 232 376 349 204 146 Explosions 6060 | . . . . . . . 1865 63 . 1311 414 . . 381 . 2026 Melee 705 | . . . . . . . 291 340 . . . . 74 . . . Ramming 20 | . . 8 . . . . . . 7 . . 5 . . . . Kinetic 8128 | . 328 67 139 460 . 565 1756 552 . 2396 . 232 376 349 658 250 Thermal 8735 | . 384 219 2042 366 . 388 938 760 16 2469 . 180 210 320 380 63 Explosive 4963 | . . . . . . . 1469 63 . 659 414 . . 381 . 1977 Electromagnetic 445 | . . . . . . . 396 . . . . . . . . 49 Impact 705 | . . . . . . . 291 340 . . . . 74 . . . Slashing . | . . . . . . . . . . . . . . . . . Piercing . | . . . . . . . . . . . . . . . . . Highest Corruption 29 | . 1 1 . 4 4 4 3 3 3 6 6 6 . . . 29 Average Corruption 3 | . 1 1 . 4 4 4 3 3 3 4 6 5 . . . 7 Corruption Purged 6 | . . . . . . . . . . . . 6 . . . . Corruption Blocked . | . . . . . . . . . . . . . . . . . Effects 299 | . 16 8 . 6 14 35 20 90 12 50 21 22 . . . 5 Message Errors 68 | . 7 2 . . 1 10 4 20 4 8 5 7 . . . . Matter Fused 88 | . 6 3 . 1 7 7 4 31 2 16 7 3 . . . 1 Heat Flow Errors 24 | . 3 . . . 1 1 5 5 2 5 1 1 . . . . Energy Discharges 41 | . . 1 . 1 3 3 2 12 2 7 3 5 . . . 2 Parts Rejected 3 | . . . . 1 . . . 1 . 1 . . . . . . Data Loss (minor) 34 | . . . . 1 2 6 3 10 . 5 2 4 . . . 1 Data Loss (major) 14 | . . 1 . . . 5 1 3 . 2 1 1 . . . . Misfires 15 | . . 1 . 1 . 3 . 5 1 3 1 . . . . . Alerts 8 | . . . . . . . 1 3 1 1 1 1 . . . . Weapon Failures 4 | . . . . 1 . . . . . 2 . . . . . 1 Overload Shots 2 | . . . . . . . . . . . . . . . . 2 Overflow Damage 794 | . 1 . 4 62 . 39 147 275 . 183 . . 41 8 . 34 Projectiles 326 | . 1 . 4 62 . 39 34 40 . 105 . . 41 . . . Explosions 212 | . . . . . . . 92 . . 78 . . . 8 . 34 Melee 256 | . . . . . . . 21 235 . . . . . . . . Knockbacks 42 | . . 1 . 5 . 6 4 . . 20 . 2 . 1 1 2 Impact 1 | . . 1 . . . . . . . . . . . . . . Kinetic 39 | . . . . 4 . 6 4 . . 19 . 2 . 1 1 2 Secondary 2 | . . . . 1 . . . . . 1 . . . . . . Self-Inflicted Damage 499 | . . . . . . . 203 79 . 88 38 . . . . 91 Shots 8 | . . . . . . . 2 1 . 1 1 . . . . 3 Rammed 2 | . . . . . . . . . 1 . . 1 . . . . Targets Rammed 4 | . . 2 . . . . . . 1 . . 1 . . . . Kicked 2 | . . 2 . . . . . . . . . . . . . . Crushed . | . . . . . . . . . . . . . . . . . Highest Temperature 478 | . 229 142 478 199 177 194 416 228 247 296 111 194 348 233 136 184 Average Temperature 79 | . 51 41 115 122 95 52 86 54 101 63 72 89 108 74 47 63 Received Heat Transfer 3138 | . 36 9 495 86 . 183 1134 144 . 501 . 12 30 54 18 436 Effects 16 | . . . 5 . . . 7 . . 2 . . . 2 . . Shutdowns 3 | . . . 2 . . . 1 . . . . . . . . . Energy Bleed 3 | . . . 2 . . . . . . 1 . . . . . . Interference 5 | . . . . . . . 2 . . 1 . . . 2 . . Matter Decay 1 | . . . . . . . 1 . . . . . . . . . Short Circuit 1 | . . . 1 . . . . . . . . . . . . . Damage (major) 3 | . . . . . . . 3 . . . . . . . . . Siege Activations 2 | . . . . . . . . . . . . . . . 1 1 Total Turns 126 | . . . . . . . . . . . . . . . 85 41 Longest Duration 85 | . . . . . . . . . . . . . . . 85 41 Robots Corrupted 1 | . . . . . . . 1 . . . . . . . . . Combat Hostiles 1 | . . . . . . . 1 . . . . . . . . . Parts Fried 4 | . . . . . . . 4 . . . . . . . . . Impact Corruptions 10 | . . . . . . . 2 6 . 2 . . . . . . Robots Melted 1 | . . . 1 . . . . . . . . . . . . . Combat Hostiles 1 | . . . 1 . . . . . . . . . . . . . Parts Melted 16 | . 2 . 5 . . 1 1 . . 2 . 1 1 2 1 . Heat Transferred 15065 | . 666 370 3885 629 . 703 1850 1443 37 3706 . 259 407 518 518 74 Parts Sabotaged 1 | . . . . . . . . . . . . . . . . 1 Parts Stolen . | . . . . . . . . . . . . . . . . . Parts Stripped . | . . . . . . . . . . . . . . . . . Power Chain Reactions . | . . . . . . . . . . . . . . . . . Missiles Intercepted . | . . . . . . . . . . . . . . . . . Latent Energy Used 200 | . . . . . . . 200 . . . . . . . . . LE Corruption 3 | . . . . . . . 3 . . . . . . . . . Alert | -11 -10 -10 -9 -9 -9 -8 -8 -8 -8 -6 -6 -6 -6 -6 -6 -6 ------- Run | Jun Mat Min Mat Min Exi Min Mat Sto Rec Fac Was Fac Ext Cet Arc Hub Peak Influence 1342 | . 216 120 418 298 . 126 1072 596 122 885 309 726 874 1342 696 567 Initial 536 | . . 17 . 141 . . 31 444 122 . 309 . 263 462 536 179 Average 275 | . 50 45 233 172 . 38 347 291 21 278 201 428 468 924 599 343 Maximum Alert Level 4 | . 1 . 2 1 . . 3 2 . 3 1 3 3 4 2 2 Low Security (%) 49 | 100 98 100 51 62 . 100 53 12 100 52 51 15 9 . . 30 Level 1 24 | . 1 . 44 37 . . 7 70 . 8 48 19 40 . . 29 Level 2 17 | . . . 3 . . . 18 17 . 31 . 57 29 30 100 39 Level 3 7 | . . . . . . . 20 . . 7 . 7 20 39 . . Level 4 1 | . . . . . . . . . . . . . . 30 . . Level 5 . | . . . . . . . . . . . . . . . . . High Security . | . . . . . . . . . . . . . . . . . Max Security . | . . . . . . . . . . . . . . . . . Squads Dispatched 54 | . 2 . 1 1 . . 12 2 . 14 . 8 5 2 . 7 Investigation 11 | . 1 . . . . . . 1 . 1 . 2 3 2 . 1 Extermination 7 | . . . . . . . . . . 5 . 2 . . . . Reinforcement 22 | . 1 . 1 1 . . 6 1 . 5 . 1 1 . . 5 Assault 8 | . . . . . . . 6 . . . . . 1 . . 1 Garrison 6 | . . . . . . . . . . 3 . 3 . . . . Intercept . | . . . . . . . . . . . . . . . . . Searches Triggered . | . . . . . . . . . . . . . . . . . Construction Impeded 6 | . . . . 1 . . 2 . . 2 . . . . . 1 Haulers Reinforced 1 | . . . . . . . . . . 1 . . . . . . Active Scanning Responses . | . . . . . . . . . . . . . . . . . Cargo Convoy Interrupts . | . . . . . . . . . . . . . . . . . Stealth | -11 -10 -10 -9 -9 -9 -8 -8 -8 -8 -6 -6 -6 -6 -6 -6 -6 --------- Run | Jun Mat Min Mat Min Exi Min Mat Sto Rec Fac Was Fac Ext Cet Arc Hub Distress Signals 15 | . 1 . 1 . . . 1 3 . 3 . . 1 2 . 3 Communications Jammed . | . . . . . . . . . . . . . . . . . Distress Signals . | . . . . . . . . . . . . . . . . . Times Spotted 332 | . 18 8 39 9 . 11 68 16 1 43 . 12 24 33 20 30 Peak Tracking Total 16 | . 4 3 5 3 . 3 7 4 . 7 . 4 6 6 2 16 Tactical Retreats 8 | . 1 . . . . 3 1 . . 2 . . 1 . . . Traps | -11 -10 -10 -9 -9 -9 -8 -8 -8 -8 -6 -6 -6 -6 -6 -6 -6 ------- Run | Jun Mat Min Mat Min Exi Min Mat Sto Rec Fac Was Fac Ext Cet Arc Hub Traps Triggered 9 | . 3 . . . . . 2 . . 3 . . 1 . . . Indirectly . | . . . . . . . . . . . . . . . . . Trap Hack Attempts . | . . . . . . . . . . . . . . . . . Triggered . | . . . . . . . . . . . . . . . . . Disarmed . | . . . . . . . . . . . . . . . . . Reprogrammed . | . . . . . . . . . . . . . . . . . Reused . | . . . . . . . . . . . . . . . . . Traps Extracted . | . . . . . . . . . . . . . . . . . Installed . | . . . . . . . . . . . . . . . . . Triggered . | . . . . . . . . . . . . . . . . . Machines | -11 -10 -10 -9 -9 -9 -8 -8 -8 -8 -6 -6 -6 -6 -6 -6 -6 ---------- Run | Jun Mat Min Mat Min Exi Min Mat Sto Rec Fac Was Fac Ext Cet Arc Hub Machines Disabled 51 | . 2 1 2 . . 2 7 8 . 21 . 2 . 1 2 3 Max in Single Turn 19 | . 1 1 1 . . 1 1 2 . 19 . 1 . . 1 1 Network Hub 1 | . . . . . . . . . . . . . . . . 1 Machines Repaired . | . . . . . . . . . . . . . . . . . Machines Sabotaged . | . . . . . . . . . . . . . . . . . Overloaded Fab Kills . | . . . . . . . . . . . . . . . . . Hacking | -11 -10 -10 -9 -9 -9 -8 -8 -8 -8 -6 -6 -6 -6 -6 -6 -6 --------- Run | Jun Mat Min Mat Min Exi Min Mat Sto Rec Fac Was Fac Ext Cet Arc Hub Machines Accessed 88 | . 9 . 13 1 1 . 11 11 11 8 . 3 13 3 . 4 Terminals 61 | . 7 . 7 1 . . 7 8 6 3 . 2 13 3 . 4 Fabricators 1 | . . . . . . . . . . 1 . . . . . . Repair Stations 7 | . 1 . 2 . . . 1 1 . 2 . . . . . . Recycling Units 15 | . 1 . 2 . . . 2 2 5 2 . 1 . . . . Scanalyzers 3 | . . . 2 . . . 1 . . . . . . . . . Garrison Access . | . . . . . . . . . . . . . . . . . Total Hacks 248 | . 23 . 34 2 4 . 43 38 28 23 . 8 26 8 . 11 Successful 123 | . 9 . 18 1 4 . 22 21 16 15 . 1 7 4 . 5 Failed 123 | . 13 . 16 1 . . 21 16 12 8 . 7 19 4 . 6 Catastrophic 28 | . 4 . 3 . . . 5 5 2 1 . . 4 3 . 1 Database Lockouts 2 | . 1 . . . . . . 1 . . . . . . . . Manual 91 | . 8 . 17 1 1 . 23 18 11 3 . 2 3 1 . 3 Terminals 149 | . 15 . 14 2 . . 24 22 13 8 . 6 26 8 . 11 Fabricators 2 | . . . . . . . . . . 2 . . . . . . Repair Stations 35 | . 5 . 7 . . . 4 11 . 8 . . . . . . Recycling Units 44 | . 3 . 5 . . . 9 5 15 5 . 2 . . . . Scanalyzers 14 | . . . 8 . . . 6 . . . . . . . . . Garrison Access . | . . . . . . . . . . . . . . . . . Terminal Hacks 61 | . 7 . 4 1 4 . 7 8 7 6 . 1 7 4 . 5 Record 13 | . . . . 1 4 . 1 . . 3 . . . 3 . 1 Part Schematic 3 | . . . . . . . 2 1 . . . . . . . . Robot Analysis 9 | . 2 . 2 . . . 1 3 . . . . 1 . . . Prototype ID Bank 2 | . . . 1 . . . . . 1 . . . . . . . Open Door 8 | . . . . . . . . 1 . . . . 6 1 . . Open DSF 1 | . . . . . . . . . . 1 . . . . . . Level Access Points 2 | . . . . . . . . 1 . 1 . . . . . . Branch Access Points 4 | . 1 . . . . . 1 . 1 . . . . . . 1 Machine Index 1 | . . . . . . . . . 1 . . . . . . . Terminal Index 3 | . 1 . 1 . . . . . . . . . . . . 1 Recycling Unit Index 1 | . . . . . . . . . 1 . . . . . . . Alert Level 3 | . . . . . . . . 1 1 . . . . . . 1 Unreport Threat 1 | . . . . . . . . . 1 . . . . . . . Locate Traps 5 | . 1 . . . . . 2 1 . 1 . . . . . . Dispatch Records 1 | . 1 . . . . . . . . . . . . . . . Security Status 1 | . . . . . . . . . . . . 1 . . . . Hauler Manifests 2 | . 1 . . . . . . . 1 . . . . . . . Zone Layout 1 | . . . . . . . . . . . . . . . . 1 Fabricator Hacks 2 | . . . . . . . . . . 2 . . . . . . Load Schematic 1 | . . . . . . . . . . 1 . . . . . . Build 1 | . . . . . . . . . . 1 . . . . . . Repair Station Hacks 23 | . 2 . 3 . . . 4 8 . 6 . . . . . . Scan Component 12 | . 1 . 2 . . . 2 4 . 3 . . . . . . Repair 11 | . 1 . 1 . . . 2 4 . 3 . . . . . . Recycling Unit Hacks 14 | . . . 2 . . . 3 3 5 1 . . . . . . Retrieve Matter 3 | . . . . . . . 1 1 1 . . . . . . . Retrieve Components 11 | . . . 2 . . . 2 2 4 1 . . . . . . Scanalyzer 13 | . . . 7 . . . 6 . . . . . . . . . Insert Component 7 | . . . 4 . . . 3 . . . . . . . . . Analyze 6 | . . . 3 . . . 3 . . . . . . . . . Garrison Access Hacks . | . . . . . . . . . . . . . . . . . Unauthorized Hacks 10 | . . . 2 . . . 2 2 4 . . . . . . . Terminals . | . . . . . . . . . . . . . . . . . Fabricators . | . . . . . . . . . . . . . . . . . Repair Stations . | . . . . . . . . . . . . . . . . . Recycling Units 10 | . . . 2 . . . 2 2 4 . . . . . . . Reject 10 | . . . 2 . . . 2 2 4 . . . . . . . Scanalyzers . | . . . . . . . . . . . . . . . . . Garrison Access . | . . . . . . . . . . . . . . . . . Data Cores Recovered 1 | . . . 1 . . . . . . . . . . . . . Used . | . . . . . . . . . . . . . . . . . Hacking Detections 70 | . 5 . 11 1 . . 11 8 8 6 . 3 10 3 . 4 Full Trace Events 10 | . 1 . . . . . . 1 . 1 . 1 3 2 . 1 Feedback Events 1 | . . . . . . . . . . . . . . . . 1 Corruption 1 | . . . . . . . . . . . . . . . . 1 Feedback Blocked . | . . . . . . . . . . . . . . . . . Robot Schematics Acquired . | . . . . . . . . . . . . . . . . . Robots Built . | . . . . . . . . . . . . . . . . . Authchips . | . . . . . . . . . . . . . . . . . Time . | . . . . . . . . . . . . . . . . . Total Robot Build Rating . | . . . . . . . . . . . . . . . . . Part Schematics Acquired 8 | . . . 3 . . . 5 . . . . . . . . . Parts Built 2 | . . . . . . . . . . 2 . . . . . . Authchips . | . . . . . . . . . . . . . . . . . Time 73 | . . . . . . . . . . 73 . . . . . . Total Part Build Rating 6 | . . . . . . . . . . 6 . . . . . . Parts Repaired 11 | . 1 . 1 . . . 2 4 . 3 . . . . . . Time 397 | . 32 . 26 . . . 52 146 . 141 . . . . . . Parts Recycled . | . . . . . . . . . . . . . . . . . Recycled Matter . | . . . . . . . . . . . . . . . . . Retrieved Matter 60 | . . . . . . . . 60 . . . . . . . . Retrieved Components 62 | . . . 18 . . . 12 14 8 10 . . . . . . Parts Scanalyzed 6 | . . . 3 . . . 3 . . . . . . . . . Part Schematics Acquired 6 | . . . 3 . . . 3 . . . . . . . . . Parts Damaged . | . . . . . . . . . . . . . . . . . Bothacking | -11 -10 -10 -9 -9 -9 -8 -8 -8 -8 -6 -6 -6 -6 -6 -6 -6 ------------ Run | Jun Mat Min Mat Min Exi Min Mat Sto Rec Fac Was Fac Ext Cet Arc Hub Used RIF Installer . | . . . . . . . . . . . . . . . . . Robots Hacked 5 | . . . . . . . 1 . . 3 . . . 1 . . Non-combat 4 | . . . . . . . 1 . . 3 . . . . . . Combat 1 | . . . . . . . . . . . . . . 1 . . Robot Hacks Applied 7 | . . . . . . . 2 . . 4 . . . 1 . . parse_system 2 | . . . . . . . 1 . . . . . . 1 . . no_distress 3 | . . . . . . . 1 . . 2 . . . . . . find_fabricator 1 | . . . . . . . . . . 1 . . . . . . find_recycling 1 | . . . . . . . . . . 1 . . . . . . Relay Couplers Released 4 | . . . . . . . . . . . . 4 . . . . Programmers 4 | . . . . . . . . . . . . 4 . . . . Fabnet Peak Effective % . | . . . . . . . . . . . . . . . . . Robots Rewired 14 | . . . . . . . . . . . . . 14 . . . Allies Hacked 1 | . . . . . . . . . . 1 . . . . . . Hacks Repelled . | . . . . . . . . . . . . . . . . . Allies | -11 -10 -10 -9 -9 -9 -8 -8 -8 -8 -6 -6 -6 -6 -6 -6 -6 -------- Run | Jun Mat Min Mat Min Exi Min Mat Sto Rec Fac Was Fac Ext Cet Arc Hub Total Allies 72 | . . . . . . . . 14 . . 21 . 32 5 . . Largest Group 27 | . . . . . . . . 14 14 13 21 18 27 22 4 2 Highest-Rated Group 902 | . . . . . . . . 366 366 266 761 686 902 891 318 192 Highest-Rated Ally 159 | . . . . . . . . 100 100 31 46 46 159 125 109 96 Total Orders 45 | . . . . . . . . 3 . 13 8 7 9 3 2 . STAY 4 | . . . . . . . . . . 2 . . . 1 1 . ROAM 1 | . . . . . . . . . . 1 . . . . . . FOLLOW 7 | . . . . . . . . . . 5 . . . 1 1 . AID 1 | . . . . . . . . . . . . . . 1 . . EXPLORE 20 | . . . . . . . . 3 . 2 4 4 7 . . . RETURN 12 | . . . . . . . . . . 3 4 3 2 . . . Ally Attacks 804 | . . . . . . . . 7 7 54 14 183 266 229 21 23 Total Damage 18314 | . . . . . . . . 269 123 703 239 3792 5736 5849 706 897 Kills 120 | . . . . . . . . 3 4 5 2 27 34 33 3 9 Allies Corrupted 1 | . . . . . . . . . . . . . 1 . . . Allies Melted 1 | . . . . . . . . . . . . . 1 . . . Intel | -11 -10 -10 -9 -9 -9 -8 -8 -8 -8 -6 -6 -6 -6 -6 -6 -6 ------- Run | Jun Mat Min Mat Min Exi Min Mat Sto Rec Fac Was Fac Ext Cet Arc Hub Robot Analysis Total 9 | . 2 . 2 . . . 1 3 . . . . 1 . . . Derelict Logs Recovered 2 | . . 2 . . . . . . . . . . . . . . Drone Launches 25 | . . . . . . . . 4 . 4 6 4 7 . . . Drone Recoveries 19 | . . . . . . . . 2 . 4 6 3 4 . . . Exploration | -11 -10 -10 -9 -9 -9 -8 -8 -8 -8 -6 -6 -6 -6 -6 -6 -6 ------------- Run | Jun Mat Min Mat Min Exi Min Mat Sto Rec Fac Was Fac Ext Cet Arc Hub Turns Passed 29482 | 98 2145 1628 3529 466 558 1987 3621 4226 1311 3135 833 1298 2563 1074 559 451 Spaces Moved 12015 | 57 984 820 1967 240 279 832 1378 1208 538 1208 316 424 802 522 242 198 Core 20 | 20 . . . . . . . . . . . . . . . . Treads 9770 | 15 72 . 1649 240 279 832 1258 1175 538 1208 316 424 802 522 242 198 Legs 2192 | 22 912 820 318 . . . 120 . . . . . . . . . Wheels 33 | . . . . . . . . 33 . . . . . . . . Hover . | . . . . . . . . . . . . . . . . . Flight . | . . . . . . . . . . . . . . . . . Fastest Speed 50 | 50 120 190 120 160 160 160 160 145 240 161 165 245 245 160 160 160 Average Speed 188 | 105 179 190 153 160 195 212 175 225 240 163 168 245 245 166 160 160 Slowest Speed 320 | 160 190 190 160 160 240 240 320 240 240 246 245 245 245 246 160 240 Overloaded Moves . | . . . . . . . . . . . . . . . . . Propulsion Burnouts . | . . . . . . . . . . . . . . . . . Robots Hopped 2 | . . . . . . . . . . . . . 2 . . . Cave-ins Triggered . | . . . . . . . . . . . . . . . . . Exploration Rate (%) 70 | 4 97 100 99 46 62 102 61 95 97 28 95 14 96 92 90 23 Regions Visited 16 Branch Regions 10 Pre-discovered Areas 2 | . . 1 . . 1 . . . . . . . . . . . Known Exits Taken 9 | . 1 1 1 . . 1 1 . . . . 1 1 1 1 . Unknown Exits Taken 5 | 1 . . . 1 1 . . 1 1 . . . . . . . Scrap Searched 4 | . . 2 . 1 . 1 . . . . . . . . . . Spaces Dug 62 | . 1 . . . . . 2 20 . 1 . . 5 . 2 31 Terrain Destroyed 453 | . 9 . . 2 . 6 190 51 . 67 9 . 6 13 9 91 Melee 40 | . 1 . . . . . 2 20 . 1 . . 5 . 2 9 Projectile 59 | . . . . 2 . 6 15 6 . 18 . . 1 1 7 3 AOE 354 | . 8 . . . . . 173 25 . 48 9 . . 12 . 79 Terrain Rammed . | . . . . . . . . . . . . . . . . . Walls Destroyed . | . . . . . . . . . . . . . . . . . Machines Disabled . | . . . . . . . . . . . . . . . . . Actions | -11 -10 -10 -9 -9 -9 -8 -8 -8 -8 -6 -6 -6 -6 -6 -6 -6 --------- Run | Jun Mat Min Mat Min Exi Min Mat Sto Rec Fac Was Fac Ext Cet Arc Hub Total 17604 | 90 1248 863 2310 271 295 988 2334 2558 558 2171 615 669 1293 702 365 274 Wait 3961 | 17 147 6 171 1 . 106 676 1147 11 707 227 193 323 117 89 23 Move 11997 | 56 983 819 1966 239 278 831 1377 1207 537 1208 315 423 798 521 241 198 Hop 1 | . . . . . . . . . . . . . 1 . . . Pick Up 210 | 7 24 6 24 . 6 2 31 28 1 36 15 13 3 13 1 . Fast Attach 88 | 5 3 1 7 1 1 . 19 21 . 11 9 2 3 3 1 1 Attach 70 | 1 2 . 9 1 4 2 11 1 . 18 2 5 1 7 . 6 Detach 5 | . . . . . . . . . . 1 1 1 1 1 . . Swap 239 | 4 10 4 14 2 . 9 43 37 2 47 22 9 13 6 6 11 Drop 249 | . 19 10 31 . 6 5 42 42 2 24 22 14 8 18 2 4 Fire 567 | . 43 15 88 27 . 33 121 42 . 109 . 8 20 16 23 22 Melee 113 | . 17 . . . . . 14 31 . 6 . . 34 . 2 9 Ram . | . . . . . . . . . . . . . . . . . Kick 2 | . . 2 . . . . . . . . . . . . . . Crush 2 | . . . . . . . . . 1 . . 1 . . . . Escape Stasis 2 | . . . . . . . . . . . . . 2 . . . Rewire 98 | . . . . . . . . 2 4 4 2 . 86 . . . Trap . | . . . . . . . . . . . . . . . . . Miscellaneous . | . . . . . . . . . . . . . . . . . Route ------- -11/Junkyard -10/Materials (discovered 4 exits: *Mat x3 / *Min) -10/Mines (discovered 2 exits: *Mat x2) -9/Materials (discovered 5 exits: *Mat x3 / *Min x2) -9/Mines (discovered 2 exits: *Mat / *Exi) -9/Exiles (discovered 2 exits: [*Min x2]) -8/Mines (discovered 2 exits: *Mat x2) -8/Materials (discovered 3 exits: *Fac / *Sto x2) -8/Storage (discovered 2 exits: *Fac / *Rec) -8/Recycling -6/Factory (discovered 4 exits: Fac x4) -6/Waste -6/Factory (discovered 2 exits: [*Low] / *Ext) -6/Extension (discovered 3 exits: *Fac x2 / *Cet) -6/Cetus (discovered 3 exits: *Fac x2 / *Arc) -6/Archives (discovered 3 exits: *Fac / *Hub x2) -6/Hub_04(d) (discovered 1 exit: *Fac) History --------- Turn | Location | Event 8 | -11/Junkyard | Discovered new exit (range 15) 99 | -11/Junkyard | Entered Materials 272 | -10/Materials | Discovered new exit (range 9) 316 | -10/Materials | Build established: Mutant 332 | -10/Materials | Repaired Shotgun 559 | -10/Materials | Identified exit to Materials 646 | -10/Materials | Discovered new exit (range 11) 701 | -10/Materials | Central database locked down 729 | -10/Materials | Identified exit to Mines 1413 | -10/Materials | Discovered exit to Materials (range 7) 1546 | -10/Materials | Discovered exit to Materials (range 7) 2244 | -10/Materials | Entered Mines 2354 | -10/Mines | Learned Materials trap positions 2395 | -10/Mines | Learned location of Storage (-8) 2396 | -10/Mines | Discovered exit to Materials (range 6) 2715 | -10/Mines | Learned 2 Materials zone layouts 2772 | -10/Mines | Joined a pair of Derelicts in attacking an 0b10 outpost 3299 | -10/Mines | Discovered exit to Materials (range 7) 3800 | -10/Mines | Build established: Scavenger-Mutant 3872 | -10/Mines | Entered Materials 3872 | -9/Materials | Evolved 2 slots: Propulsion x1, Utility x1 3873 | -9/Materials | Identified exit to Materials 3873 | -9/Materials | Identified exit to Mines 3874 | -9/Materials | Loaded intel: 9 trap records 3941 | -9/Materials | Discovered exit to Mines (range 7) 4626 | -9/Materials | Build established: Mutant 5078 | -9/Materials | Discovered exit to Materials (range 7) 5488 | -9/Materials | Discovered exit to Materials (range 16) 5715 | -9/Materials | Repaired Lgt. Armor Plating 7401 | -9/Materials | Entered Mines 7506 | -9/Mines | Discovered exit to Materials (range 11) 7714 | -9/Mines | Core integrity fell below 50% 7859 | -9/Mines | Deemed a non-threat by the Exiles lab entrance 7861 | -9/Mines | Discovered new exit (range 5) 7867 | -9/Mines | Entered Exiles 7906 | -9/Exiles | Met 8R-AWN 7919 | -9/Exiles | Discovered new exit (range 14) 7986 | -9/Exiles | Met EX-HEX 8037 | -9/Exiles | Met EX-BIN 8059 | -9/Exiles | Aligned with FarCom system 8061 | -9/Exiles | Given EX-Vault access code 8098 | -9/Exiles | Opened EX-Vault 8105 | -9/Exiles | Found Prototype Energy Cannon 8106 | -9/Exiles | Identified Latent Energy Streamer 8110 | -9/Exiles | Found Prototype Energy Gun 8111 | -9/Exiles | Identified AWS/Thermal 8186 | -9/Exiles | Warned to stay clear of 0b10 Research branches 8258 | -9/Exiles | Met EX-DEC 8268 | -9/Exiles | Learned location of Zion (-7) 8399 | -9/Exiles | Discovered new exit (range 12) 8425 | -9/Exiles | Left Exiles lab with Latent Energy Streamer 8425 | -9/Exiles | Entered Mines 9053 | -8/Mines | Build established: Scavenger-Mutant 9053 | -8/Mines | Discovered exit to Materials (range 8) 9379 | -8/Mines | Discovered exit to Materials (range 8) 10412 | -8/Mines | Entered Materials 10412 | -8/Materials | Evolved 2 slots: Propulsion x1, Utility x1 10919 | -8/Materials | Identified exit to Storage 12271 | -8/Materials | Build established: Hacker-Mutant 12741 | -8/Materials | Build established: Scavenger-Mutant 12812 | -8/Materials | First assault squad dispatched 12892 | -8/Materials | Core integrity fell below 50% 12916 | -8/Materials | Lost 4 parts (2n1u1w) 12921 | -8/Materials | Discovered new exit (range 16) 13817 | -8/Materials | Repaired Lgt. Treads 13867 | -8/Materials | Repaired Lgt. Treads 14033 | -8/Materials | Entered Storage 14812 | -8/Storage | Repaired Gauss Rifle 15603 | -8/Storage | Repaired Gauss Rifle 15636 | -8/Storage | Repaired Rocket Launcher 15663 | -8/Storage | Repaired Lgt. Treads 16139 | -8/Storage | Identified exit to Factory 16919 | -8/Storage | Met 01-MTF 17759 | -8/Storage | Central database locked down 18101 | -8/Storage | Allied Derelicts emerged from ambush trap array 18138 | -8/Storage | Assisted by bots powering up and referring to "LRC-V3" 18246 | -8/Storage | Discovered new exit (range 6) 18259 | -8/Storage | Entered Recycling 18259 | -8/Recycling | Accompanied by 15 allies (01-MTF) 18264 | -8/Recycling | 01-MTF left 18450 | -8/Recycling | Build established: Commander-Mutant 19222 | -8/Recycling | Discovered new exit (range 8) 19570 | -8/Recycling | Entered Factory 19570 | -6/Factory | Accompanied by 14 allies 19570 | -6/Factory | Evolved 4 slots: Propulsion x2, Utility x2 19913 | -6/Factory | Repaired Lrn. Tractor Beam 20632 | -6/Factory | P-60 Hacker assimilated allied Trooper 3d 20759 | -6/Factory | Garrison activated, responded to threat 20983 | -6/Factory | Build established: Scavenger-Mutant 21229 | -6/Factory | Lost 3 parts (3n) 21264 | -6/Factory | Repaired Lyr. Medium Armor Plating 21457 | -6/Factory | Repaired Broken Arm. Treads 22280 | -6/Factory | Fabricated Arm. Treads (x2) 22532 | -6/Factory | Destroyed 7 combat bots 22548 | -6/Factory | Lost 3 parts (1n2u) 22574 | -6/Factory | Identified exit to Factory 22705 | -6/Factory | Sucked down chute 22705 | -6/Factory | Entered Waste 22706 | -6/Waste | Met a frightened Derelict 22706 | -6/Waste | Joined by Warlord forces that had cleared the area 22880 | -6/Waste | A Compactor rumbled back to life 22881 | -6/Waste | Allies destroyed C-40 Crusher 23095 | -6/Waste | Discovered new exit (range 52) 23175 | -6/Waste | Build established: Mutant 23470 | -6/Waste | A Compactor rumbled back to life 23473 | -6/Waste | Allies destroyed C-40 Crusher 23538 | -6/Waste | Entered Factory 23538 | -6/Factory | Accompanied by 18 allies 23586 | -6/Factory | Discovered new exit (range 41) 23824 | -6/Factory | Build established: Hauler-Mutant 24077 | -6/Factory | Discovered new exit (range 37) 24131 | -6/Factory | Garrison activated, responded to threat 24811 | -6/Factory | Identified exit to Extension 24836 | -6/Factory | Entered Extension 24836 | -6/Extension | Accompanied by 9 allies 25426 | -6/Extension | Rescued a captive Derelict 25426 | -6/Extension | Rescued a captive Derelict 25682 | -6/Extension | Rescued a captive Derelict 25682 | -6/Extension | Rescued a captive Derelict 25941 | -6/Extension | Rescued a captive Derelict 25966 | -6/Extension | Rescued A7 26048 | -6/Extension | Rescued a captive Derelict 26049 | -6/Extension | Rescued a captive Derelict 26108 | -6/Extension | Rescued a captive Derelict 26134 | -6/Extension | Build established: Commander-Mutant 26188 | -6/Extension | Rescued a captive Derelict 26252 | -6/Extension | Spotted B-75 Beast 26267 | -6/Extension | Spotted B-75 Beast 26284 | -6/Extension | Destroyed B-75 Beast 26291 | -6/Extension | Allies destroyed B-75 Beast 26414 | -6/Extension | Discovered exit to Factory (range 3) 26439 | -6/Extension | Discovered exit to Factory (range 93) 26439 | -6/Extension | Discovered new exit (range 92) 26571 | -6/Extension | Build established: Hauler-Mutant 26603 | -6/Extension | Rescued a captive Derelict 26607 | -6/Extension | Rescued a captive Derelict 26657 | -6/Extension | Rescued a captive Derelict 26662 | -6/Extension | Rescued a captive Derelict 26814 | -6/Extension | Rescued a captive Derelict 26916 | -6/Extension | Allied Derelicts emerged from ambush trap array 26936 | -6/Extension | First assault squad dispatched 27014 | -6/Extension | Build established: Commander-Mutant 27237 | -6/Extension | Identified exit to Cetus 27399 | -6/Extension | Entered Cetus 27399 | -6/Cetus | Accompanied by 22 allies (A7) 27404 | -6/Cetus | Acquired a Cetus Manufacturing Module code from A7 27428 | -6/Cetus | Spotted Cetus Guard 27430 | -6/Cetus | Spotted Cetus Guard 27430 | -6/Cetus | Spotted Cetus Guard 27435 | -6/Cetus | Allies destroyed Cetus Guard 27436 | -6/Cetus | Spotted Cetus Guard 27442 | -6/Cetus | Allies destroyed Cetus Guard 27446 | -6/Cetus | Allies destroyed Cetus Guard 27450 | -6/Cetus | Allies destroyed Cetus Guard 27610 | -6/Cetus | Started Cetus Manufacturing Module 27635 | -6/Cetus | Manufactured an Enhanced Grunt 27660 | -6/Cetus | Manufactured an Enhanced Grunt 27685 | -6/Cetus | Manufactured an Enhanced Grunt 27710 | -6/Cetus | Manufactured an Enhanced Grunt 27735 | -6/Cetus | Manufactured an Enhanced Grunt 27741 | -6/Cetus | Escorted A7 to Cetus Mainframe 27874 | -6/Cetus | Discovered new exit (range 15) 27896 | -6/Cetus | Identified exit to Archives 28153 | -6/Cetus | Discovered exit to Factory (range 16) 28341 | -6/Cetus | Spotted Cetus Guard 28341 | -6/Cetus | Spotted Cetus Guard 28350 | -6/Cetus | Spotted Cetus Guard 28356 | -6/Cetus | Spotted Cetus Guard 28356 | -6/Cetus | Allies destroyed Cetus Guard 28358 | -6/Cetus | Discovered exit to Factory (range 16) 28358 | -6/Cetus | Allies destroyed Cetus Guard 28364 | -6/Cetus | Destroyed Cetus Guard 28370 | -6/Cetus | Destroyed Cetus Guard 28373 | -6/Cetus | Build established: Hauler-Mutant 28375 | -6/Cetus | Met Revision 17 28473 | -6/Cetus | Entered Archives 28473 | -6/Archives | Accompanied by 4 allies (A7) 28478 | -6/Archives | Received a hacking code to weaken MAIN.C 28638 | -6/Archives | Unable to access archive contents 28655 | -6/Archives | Unable to access archive contents 28681 | -6/Archives | Unable to access archive contents 28697 | -6/Archives | Discovered new exit (range 16) 28710 | -6/Archives | Discovered new exit (range 15) 28775 | -6/Archives | Identified exit to Hub_04(d) 28815 | -6/Archives | Discovered exit to Factory (range 13) 29032 | -6/Archives | Entered Hub_04(d) 29032 | -6/Hub_04(d) | Accompanied by 2 allies 29382 | -6/Hub_04(d) | First assault squad dispatched 29424 | -6/Hub_04(d) | Network Hub disabled 29425 | -6/Hub_04(d) | Spotted Lightning 29426 | -6/Hub_04(d) | Spotted Lightning 29437 | -6/Hub_04(d) | Spotted Lightning 29437 | -6/Hub_04(d) | Discovered exit to Factory (range 11) 29444 | -6/Hub_04(d) | Core integrity fell below 50% 29448 | -6/Hub_04(d) | Spotted Lightning 29453 | -6/Hub_04(d) | Spotted Lightning 29458 | -6/Hub_04(d) | System corruption reached 10% 29460 | -6/Hub_04(d) | Spotted Lightning 29461 | -6/Hub_04(d) | Destroyed Lightning 29470 | -6/Hub_04(d) | Spotted Lightning 29470 | -6/Hub_04(d) | Spotted Lightning 29475 | -6/Hub_04(d) | Core integrity fell below 20% 29483 | -6/Hub_04(d) | Destroyed by G-67 Veteran with Plasma Rifle Last Messages --------------- 29476_ Lightning knocked back. 29476_ Penetrated by Slug. 29477_ The unstable cave ceiling collapses. 29477_ EMDS Slug penetrates Wall. 29477_ Penetrated by EMDS Slug. 29478_ Wall collapses. 29478_ System corrupted: Energy discharge (-9). 29478_ The unstable cave ceiling collapses. 29478_ Penetrated by EMDS Slug. 29479_ Penetrated by Slug. 29480_ The unstable cave ceiling collapses. 29480_ EMDS Slug penetrates Earth. 29481_ The unstable cave ceiling collapses. 29481_ Penetrated by EMDS Slug. 29481_ Linear Accelerator destroyed. 29481_ Centrium Medium Armor Plating destroyed. 29482_ Penetrated by EMDS Slug. 29483_ The unstable cave ceiling collapses. 29483_ Critical hit (Burn: +36). [Achievement: 20k Club] Map ----- +----------------------------------------------------+ | ?????????????????????????????????????? ## # | | ?????????????????????????????????????? ####/##### | | ?????????????????????????????????????? + | | ?????????????????????????????????????? ##########/ | | ?????????????????????????????????????? #????# | | ?????????????????????????????????????? #????# | | ???????????????????????H?????????????? #????# | | ?????????????????????????????????????? #????# | | ?????????????????????????????????????? #????# | | ?????????????????????????????????????? #????# | | ?????????????????????????????????????? #????# | | ????????????????????? ???????????????? #????# | | ??????????????????? !#############Y??##????###### | | ??????????????????? # ###?#??????# ! | | ??????????????????##;;; #?#??????# | | ??????????????????# ;;;;;;;;;;;;; #?#??????# | | ??????????????????# ; ; #?#??????# " " | | ??????????????????# ; ; #?######## " " | | ??????????????????# ; ; # w + " " | | ????????????????### * ; #?######## | | ??????????Y?????# %=; #####????##"## | | ??????????????### ;;;;;;;""##?## ## | | ??????????????# # ; #??#### | | ???????????????# # != ; ####### | | ?????????????# ## h[ ==[! ; # # | | ??????????????## *Y%k@ !A%*= ; # # | | ??????????????# h # /%==;;h + T / | | ?????????????# =! ;h # # | | ??????????? | ; i # # | | ??????????? < #;hhg ## ## | | ????????????## % # ###/######### #? | | ?????????????# g ^ g ^g # #? | | ??????????????# #### = = """ g # #? | | ???????????????# ???# h "" "" + #? | | ???????????????#????# % A "" ""T"" # #? | | ????????????????????## h """ # #? | | ?????????????????????# ## ############# #? | | ?????????????????????+ A = ???????????# #? | | ????????????????????? "" ???????????# #? | | ?????????????????????#? ???????????? ? | | ?????????????????????????? ?????????????? T ? | | ?????????????????????????????????????????????"? ?? | | ?????????????????????????????????????????????????? | | ?????????????????????????????????????????????????? | | ?????????????????????????????????????????????????? | | ?????????????????????????????????????????????????? | | ?????????????????????????????????????????????????? | | ?????????????????????????????????????????????????? | | ?????????????????????????????????????????????????? | | ?????????????????????????????????????????????????? | +----------------------------------------------------+ Best States ------------- Heat Dissipation 64 Coolant Potential 50 Energy Generation 25 Energy Capacity 530 Matter Stores 300 Matter Capacity 300 Sight Range 16 Terrain Scan Density 10 Armor Coverage 600 Weapon Cycling 15 Evasion (%) 55 Targeting Accuracy 8 Recoil Reduction 6 Offensive Hacking 12 Defensive Hacking 10 Item Schematics ----------------- Lgt. Treads | -9/Materials | Scanalyzed Hpw. Tractor Beam | -9/Materials | Scanalyzed Hcp. Storage Unit | -9/Materials | Scanalyzed Arm. Treads | -8/Materials | Hacked Cargo Storage Unit | -8/Materials | Scanalyzed Hrd. Medium Armor Plating | -8/Materials | Scanalyzed Rocket Launcher | -8/Materials | Scanalyzed Hvy. Armor Plating | -8/Materials | Hacked Robot Schematics ------------------ None Fabricated ------------ Arm. Treads | x2 | -6/Factory Alien Tech Used ----------------- None Achievements -------------- 20k Club Explorer Generalissimo Main Advantage Ooh, Shiny! Packrat Part-time Excavator Prison Break Project G-00 Prolific Hacker Revising The Future Treasure Hunter We Are Legion \\IAMDERELICT root@ Challenges ------------ None Game ------ Seed DerelictMediumReconfigurator Manual? 0 Play Time 05:04:38 Cumulative 33.5 hours Start 2023.06.08 @ 21:47:58 End 2023.06.13 @ 16:46:34 Sessions 7 Manual Loads 0 Difficulty Rogue Special Mode None Game No. 17 Rogue 17 Adventurer 0 Explorer 0 Win Type - Total 0 Types 0/0/0/0/0/0/0/0/0 Lore% 28 Gallery% 32 Achievement% 31 Wizard Run 0 Options --------- ASCII 0 Keyboard 0 Movement Mouse Keybinds 0 Fullscreen 1 Font 24/Smallcaps Map View 76x50 Tactical HUD 1 Map Filters NONE Filters NONE Steam 1 RUN: f284cb71-fa03-4850-a299-8c8e0d99690c